 Dungeon Crawl Stone Soup version 0.28.0-45-g0d030f2227 (webtiles) character file.

Game seed: 4987419322737592163

28 zeratav the Insei (level 3, -4/23 HPs)
             Began as an Octopode Transmuter on Apr 7, 2022.
             Slain by a phantom (6 damage)
             ... on level 1 of the Dungeon.
             The game lasted 00:02:04 (1132 turns).

zeratav the Insei (Octopode Transmuter)             Turns: 1132, Time: 00:02:05

Health: -4/23      AC:  1    Str: 11    XL:     3   Next: 12%
Magic:  5/6        EV: 13    Int: 15    God:
Gold:   65         SH:  0    Dex: 12    Spells: 5/6 levels left

rFire   . . .      SeeInvis .   a - +0 quarterstaff
rCold   . . .      Faith    .   (shield currently unavailable)
rNeg    . . .      Spirit   .   (helmet currently unavailable)
rPois   .          Reflect  .   (no amulet)
rElec   .          Harm     .   (no ring)
rCorr   .          Rampage  .   (no ring)
Will    .....                   (no ring)
Stlth   ++........              (no ring)
HPRegen 0.07/turn               (no ring)
MPRegen 0.10/turn               (no ring)
                                (no ring)
                                (no ring)

@: appendages (expiring)
A: tentacle spike 3, almost no armour, amphibious, 8 rings, camouflage 1,
gelatinous body 1, (nimble swimmer 1), tentacles
a: End Transformation


You were on level 1 of the Dungeon.
One of your tentacles had grown a beastly spike.
You visited 1 branch of the dungeon, and saw 2 of its levels.

You collected 65 gold pieces.

Inventory:

Hand Weapons
 a - a +0 quarterstaff (weapon)
Potions
 b - 2 potions of invisibility {unknown}
 c - a potion of ambrosia {unknown}


   Skills:
 + Level 1.6 Fighting
 + Level 2.4 Dodging
 * Level 3.6 Unarmed Combat
 - Level 2.0 Spellcasting
 - Level 2.0 Transmutations


You had 5 spell levels left.
You knew the following spells:

 Your Spells              Type           Power      Damage    Failure   Level
a - Beastly Appendage     Tmut           14%        N/A       10%         1

Your spell library contained the following spells:

 Spells                   Type           Power      Damage    Failure   Level
 Wereblood                Tmut           7%         N/A       14%         2
 Spider Form              Tmut/Pois      4%         N/A       41%         3
 Ice Form                 Ice/Tmut       4%         N/A       82%         4


Dungeon Overview and Level Annotations

Branches:
Dungeon (2/15)

Altars:


Innate Abilities, Weirdness & Mutations

One of your tentacles has grown a beastly spike.
You cannot wear most types of armour.
You are amphibious.
You can wear up to eight rings at the same time.
Your skin changes colour to match your surroundings (Stealth+).
Your rubbery body absorbs attacks. (AC +1, EV +1)
((You are camouflaged when in or above water. (Stealth+)))
You have tentacles for arms and can constrict up to eight enemies at once.


Message History

Found 8 gold pieces and 17 stones.
There is a stone staircase leading up here.
Found a stone staircase leading up.
You now have 57 gold pieces (gained 8).
Casting: Beastly Appendage (safe; 10% risk of failure)
Confirm with . or Enter, or press ? or * to list all spells.
One of your tentacles grows a vicious spike.
A phantom comes into view.
Found 8 gold pieces.
Found a stone staircase leading down.
You now have 65 gold pieces (gained 8).
Your transformation is almost over.
There are no items here.
The phantom hits you!
The phantom blinks!
You blink.
There is a stone staircase leading up here.
Your tentacle spike disappears.
Found an escape hatch in the ceiling.
There is a stone staircase leading up here.
The phantom barely misses you.
You climb upwards.
There is a stone staircase leading down here.
Casting: Beastly Appendage (safe; 10% risk of failure)
Confirm with . or Enter, or press ? or * to list all spells.
One of your tentacles grows a vicious spike.
Your transformation is almost over.
The phantom hits you!
* * * LOW HITPOINT WARNING * * *
The phantom blinks!
You blink.
You barely miss the phantom. You squeeze the phantom!
The phantom is moderately damaged.
The phantom barely misses you. The phantom closely misses you.
You barely miss the phantom.
Your tentacle spike misses the phantom.
The phantom is moderately damaged.
The phantom hits you.
* * * LOW HITPOINT WARNING * * *
The phantom blinks!
You blink.
You hit the phantom but do no damage.
Your tentacle spike misses the phantom.
The phantom is moderately damaged.
The phantom hits you.
You die...

#.# #.# ####..............#. #.#
#.# #>..(>)..........##. ..# #.#
#.##......####.###.. .##
##.####.##.#.#..# ##.# ♣♣♣ ..#
#.......##.#.#..# #..##### ..#
#..###..##.#.#..###.###... ..####
#..###§.##.#.#..#>..# #..#
...>.###......§W(...#..#.### #''#
..).......##...#@.###..#...# #..#
.....###.###...............# #..#
.........# #.#.#..###.####.# #..#
..######## #.###..###..##### #'##
..###### #.# #..........# ♣...
.......# #.# ##.###..##.# ♣...
.#####.#####.####.# #..##.# ♣...
..................# #..##.####...
######.#####.########..##.##.###.


You could see a phantom.

Vanquished Creatures
  A dart slug (D:1)
  A ball python (D:1)
  4 bats (D:1)
  4 endoplasms (D:1)
  2 goblins (D:1)
  2 hobgoblins (D:1)
  2 jackals (D:1)
  A kobold (D:1)
  A quokka (D:1)
  A frilled lizard (D:1)
  A rat (D:1)
20 creatures vanquished.

Notes
Turn   | Place    | Note
-------+----------+-------------------------------------------
     0 | D:1      | zeratav the Octopode Transmuter began the quest for the
                  | Orb.
     0 | D:1      | Reached XP level 1. HP: 13/13 MP: 3/3
   298 | D:1      | Reached XP level 2. HP: 18/18 MP: 5/5
   805 | D:1      | Reached XP level 3. HP: 15/23 MP: 4/6
  1103 | D:2      | Noticed a phantom
  1132 | D:1      | Slain by a phantom

Illustrated notes

Levels and vault maps discovered:
D:1:      sevenhm_arrival_forest_fort_small_5, layout_loops_ring
D:2:      layout_loops_ring, basic_altar, shapermc_ecumenical_altar_rom_forum

Action                   || total
-------------------------++-------
Melee: Quarterstaff      ||    43
       Constrict         ||    11
       Unarmed           ||     3
       Kick              ||     8
       Tentacles         ||     7
       Punch             ||     1
 Cast: Beastly Appendage ||    21
 Stab: Sleeping          ||     6
Armor: Skin              ||     7
Dodge: Dodged            ||    36
